AoeStats
← El Oso Rulo

Black Forest

507977882Analyzed
4v4 RM · 11d ago on Sep 20, 2026· 50m 1s· 8 players
Game mode
Random Map
Map size
Large (8 player)
Population
200
Speed
Normal
Resources
Standard
Victory
Conquest
Starting age
Dark Age
Ending age
Imperial Age
RankedLock teamsTeams togetherTeam positionsShared explorationLock speedFull tech treeHidden civsTurbo modeCheats
Victory
Defeat
🇦🇷 Turks · Argentina
865
+13
🇲🇴 Persians · Macao SAR China
811
+15
🇵🇱 Britons · Poland
788
+16
🇺🇸 Huns · United States
761
+17
🇦🇷 Lithuanians · Argentina
846
-17
🇦🇷 Saracens · Argentina
818
-16
🇦🇷 Huns · Argentina
785
-15
🇦🇷 Italians · Argentina
728
-34
Ngaiiii
12:17 Feudal Age
12:40 Double-Bit Axe
12:39 Horse Collar
18:33 Castle Age
17:08 Stone Mining
17:11 Gold Mining
20:45 Heavy Plow
24:14 Bow Saw
28:22 Wheelbarrow
30:06 Gold Shaft Mining
30:19 Hand Cart
32:59 Imperial Age
32:01 Kamandaran
32:35 Elite War Elephant
33:38 Conscription
33:55 Crop Rotation
34:38 Two-Man Saw
39:27 Forging
40:18 Husbandry
40:31 Bloodlines
41:05 Iron Casting
40:36 Scale Barding Armor
43:30 Blast Furnace
ABSENT007
4:16 Loom
11:23 Feudal Age
11:44 Horse Collar
11:52 Double-Bit Axe
15:05 Wheelbarrow
17:23 Gold Mining
20:03 Stone Mining
23:08 Castle Age
21:54 Bloodlines
22:42 Scale Barding Armor
22:47 Forging
24:19 Husbandry
24:57 Iron Casting
24:42 Chain Barding Armor
25:06 Hand Cart
26:20 Bow Saw
26:22 Heavy Plow
27:38 Gold Shaft Mining
27:11 Marauders
27:46 Chain Barding Armor
33:16 Imperial Age
33:31 Elite Tarkan
34:32 Conscription
34:17 Scale Mail Armor
35:22 Blast Furnace
34:58 Plate Barding Armor
35:46 Two-Man Saw
Loren II
0:27 Loom
RafixD984595
0:31 Loom
13:14 Feudal Age
22:59 Castle Age
22:37 Fletching
22:48 Padded Archer Armor
22:40 Double-Bit Axe
23:23 Gold Mining
25:47 Bow Saw
27:43 Ballistics
29:26 Bodkin Arrow
29:46 Leather Archer Armor
35:57 Imperial Age
35:27 Gold Shaft Mining
35:31 Wheelbarrow
35:24 Stone Mining
35:36 Scale Mail Armor
38:08 Chemistry
38:05 Yeomen
38:03 Fortified Wall
39:07 Bracer
39:37 Ring Archer Armor
39:49 Conscription
40:43 Ring Archer Armor
41:23 Pikeman
42:04 Squires
41:54 Elite Longbowman
42:42 Arson
45:11 Forging
45:16 Chain Mail Armor
44:50 Halberdier
45:57 Masonry
46:31 Warwolf
Mancuso
0:58 Loom
13:38 Feudal Age
14:08 Horse Collar
14:16 Double-Bit Axe
21:42 Castle Age
19:48 Gold Mining
19:59 Fletching
20:45 Stone Mining
21:04 Scale Barding Armor
21:41 Forging
23:37 Bow Saw
23:49 Caravan
24:33 Chain Barding Armor
24:17 Heavy Plow
27:43 Bodkin Arrow
28:24 Iron Casting
31:18 Scale Mail Armor
32:29 Masonry
32:15 Murder Holes
35:51 Imperial Age
33:14 Town Watch
35:46 Wheelbarrow
35:16 Treadmill Crane
35:57 Ballistics
35:49 Fortified Wall
37:20 Conscription
36:22 Elite Mameluke
37:51 Plate Barding Armor
38:17 Blast Furnace
38:33 Counterweights
39:07 Bloodlines
38:59 Husbandry
38:53 Light Cavalry
41:35 Hussar
43:47 Heavy Camel Rider
48:39 Hoardings
LBC
20:04 Feudal Age
22:58 Double-Bit Axe
28:22 Horse Collar
30:31 Wheelbarrow
34:51 Forging
34:31 Fletching
34:43 Scale Mail Armor
34:48 Scale Barding Armor
34:44 Padded Archer Armor
38:27 Gold Mining
38:28 Stone Mining
42:19 Castle Age
43:31 Bow Saw
Yisus
5:12 Loom
17:24 Feudal Age
20:00 Double-Bit Axe
20:26 Scale Barding Armor
20:22 Scale Mail Armor
20:33 Forging
20:35 Gold Mining
24:23 Castle Age
22:36 Horse Collar
23:16 Stone Mining
26:38 Bow Saw
29:45 Gold Shaft Mining
31:46 Iron Casting
31:27 Chain Mail Armor
31:33 Chain Barding Armor
33:06 Wheelbarrow
34:42 Hand Cart
42:46 Imperial Age
43:13 Bloodlines
43:04 Husbandry
43:09 Elite Tarkan
45:36 Chemistry
44:56 Ballistics
44:32 Murder Holes
44:48 Masonry
44:03 Cavalier
44:17 Pikeman
45:29 Squires
45:15 Arson
45:16 Halberdier
46:40 Plate Barding Armor
47:05 Blast Furnace
46:06 Padded Archer Armor
45:57 Fletching
47:53 Conscription
El Oso Rulo
0:29 Loom
23:41 Feudal Age
24:23 Double-Bit Axe
29:29 Horse Collar
35:04 Castle Age
33:41 Gold Mining
33:41 Stone Mining
35:01 Bloodlines
35:16 Forging
35:11 Scale Barding Armor
36:06 Bow Saw
36:26 Scale Barding Armor
37:34 Heavy Plow
39:48 Stone Shaft Mining
42:08 Fortified Wall
41:40 Treadmill Crane
42:45 Chain Barding Armor
43:01 Iron Casting
42:09 Pikeman
Connection lost

Rejoining the realm…

Still unreachable

The connection could not be restored.

Session expired

The server has moved on; the page needs a fresh start.